 Dungeon Crawl Stone Soup version 0.27-a0-1331-g60ef6b6952 (webtiles) character file.

Game seed: 8099391536177527317

137 Ijustatesigmund the Chopper (level 5, 0/37 HPs)
             Began as an Octopode Fighter on June 25, 2021.
             Slain by an adder (2 damage)
             ... on level 3 of the Dungeon.
             The game lasted 00:03:13 (3334 turns).

Ijustatesigmund the Chopper (Octopode Fighter)      Turns: 3334, Time: 00:03:13

Health: 0/37       AC:  1    Str: 14 (15) XL:     5   Next: 20%
Magic:  5/5        EV: 11    Int:  9 (11) God:
Gold:   124        SH:  8    Dex: 11 (12) Spells: 4/4 levels left

rFire    . . .     SeeInvis +   a - +0 war axe
rCold    . . .     Faith    .   b - +0 kite shield
rNeg     . . .     Spirit   .   (helmet restricted)
rPois    .         Reflect  .   (no amulet)
rElec    .         Harm     .   h - ring of see invisible
rCorr    .         Rampage  .   (no ring)
Will     .....                  (no ring)
Stlth    ++........             (no ring)
HPRegen  0.12/turn              (no ring)
MPRegen  0.09/turn              (no ring)
                                (no ring)
                                (no ring)

@: mighty, lethally poisoned (0 -> -3)
A: almost no armour, amphibious, 8 rings, camouflage 1, gelatinous body 1,
(nimble swimmer 1), tentacles
a: no special abilities


You were on level 3 of the Dungeon.
You visited 1 branch of the dungeon, and saw 4 of its levels.

You collected 202 gold pieces.
You spent 78 gold pieces at shops.

Inventory:

Hand Weapons
 a - a +0 war axe (weapon)
Armour
 b - a +0 kite shield (worn)
Jewellery
 h - a ring of see invisible (left tentacle)
 j - a +6 ring of intelligence
 k - an amulet of reflection
Scrolls
 d - 2 scrolls of identify
 e - a scroll of teleportation
 f - 2 scrolls of amnesia
 m - a scroll of magic mapping {unknown}
Potions
 i - 2 potions of invisibility
 l - a potion of attraction


   Skills:
 + Level 4.1 Fighting
 + Level 4.4 Axes
 - Level 3.0 Dodging
 - Level 3.0 Shields


You had 4 spell levels left.
You didn't know any spells.
Your spell library was empty.

Dungeon Overview and Level Annotations

Branches:
Dungeon (4/15)
 Temple: D:4-7

Altars:
Elyvilon
Fedhas
Gozag
Zin

Shops:
D:3 ?


Innate Abilities, Weirdness & Mutations

You cannot wear most types of armour.
You are amphibious.
You can wear up to eight rings at the same time.
Your skin changes colour to match your surroundings (Stealth+).
Your rubbery body absorbs attacks. (AC +1, EV +1)
((You are camouflaged near water. (Stealth+)))
You have tentacles for arms and can constrict up to eight enemies at once.


Message History

A jelly is nearby!
A quokka and a dart slug come into view.
An endoplasm comes into view.
Found 16 gold pieces.
Found 9 gold pieces.
An orc comes into view. It is wielding a +1 flail of draining.
The orc shouts!
The ogre shouts!
A goblin comes into view. It is wielding a +0 club.
You slash the goblin!
You kill the goblin!
The dart slug launches a dart at you. You block the slug dart.
Found a stone staircase leading up.
Things that are here:
a +0 club; a goblin corpse An adder comes into view.
The adder misses you. The adder bites you.
There is a stone staircase leading up, spattered with blood here.
The adder bites you.
You are poisoned.
The adder poisons you!
The ogre hits you with a +0 giant club!!
Ouch! That really hurt!
* * * LOW HITPOINT WARNING * * *
The adder bites you.
* * * LOW HITPOINT WARNING * * *
You climb upwards.
* * * LOW HITPOINT WARNING * * *
You feel very sick.
There is a stone staircase leading down here.
You feel very mighty all of a sudden.
You feel sick. The adder bites you.
* * * LOW HITPOINT WARNING * * *
You hit the ogre.
The ogre is lightly wounded.
You closely miss the adder.
* * * LOW HITPOINT WARNING * * *
You feel sick. The adder bites you.
You die...

#................########
#####.##.........+.......
#...###.......####....
#...#...#.....####....
#8_8#.................
#####.#.#.#.######....
#.#.#.#.#.#### #....
##.OS.........###....
#...@................
###............##....
#............##....
#.##...#...........
###.##...#.##..###.##
#........#.##..# #.#
#.#.##.#.#.##..###.##
###....................
#....#######...........


You could see an ogre and an adder.

Vanquished Creatures
  Natasha (twice) (D:3)
  3 adders
  A worm (D:4)
  A dart slug (D:1)
  3 ball pythons
  3 bats (D:1)
  An endoplasm (D:2)
  6 goblins
  7 hobgoblins
  17 jackals
  2 kobolds
  2 frilled lizards
  3 rats
51 creatures vanquished.

Notes
Turn   | Place    | Note
-------+----------+-------------------------------------------
     0 | D:1      | Ijustatesigmund the Octopode Fighter began the quest for
                  | the Orb.
     0 | D:1      | Reached XP level 1. HP: 16/16 MP: 1/1
    55 | D:1      | Reached XP level 2. HP: 20/21 MP: 2/2
   610 | D:1      | Reached XP level 3. HP: 24/26 MP: 3/3
  1752 | D:2      | Reached XP level 4. HP: 33/33 MP: 4/4
  2034 | D:3      | Found an opulent altar of Gozag.
  2113 | D:3      | Found Yppeif's Magic Scroll Emporium.
  2118 | D:3      | Bought a scroll of identify for 26 gold pieces
  2118 | D:3      | Bought a scroll of identify for 26 gold pieces
  2118 | D:3      | Bought a scroll of identify for 26 gold pieces
  2446 | D:3      | Found a faded altar of an unknown god.
  2472 | D:3      | Found a glowing silver altar of Zin.
  2500 | D:3      | Found a white marble altar of Elyvilon.
  2518 | D:3      | Noticed Natasha
  2523 | D:3      | Killed Natasha
  2764 | D:3      | Noticed Natasha
  2770 | D:3      | Killed Natasha
  2771 | D:3      | Reached XP level 5. HP: 32/37 MP: 5/5
  3011 | D:4      | Found a blossoming altar of Fedhas.
  3071 | D:4      | Noticed an ogre
  3334 | D:3      | Slain by an adder

Illustrated notes

Levels and vault maps discovered:
D:1:      tarquinn_simple_flora_water_f, layout_basic
D:2:      layout_loops_ring, minmay_goblin_outpost
D:3:      layout_basic, zin_academy, grunt_gozag_breadcrumbs, elyvilon_altar_1,
          chequers_ecumenical_altar_grove, serial_shops,
          nicolae_shop_statue_plus, uniq_natasha
D:4:      layout_gridville, amcnicky_altar_gilded, hex_medium,
          minmay_box_of_dots

Skill      XL: |  1  2  3  4 |
---------------+-------------+-----
Axes           | 3 4 |  4.4
Fighting       | 4 |  4.1
Dodging        | |  3.0
Shields        | |  3.0

Action                   |  1- 3 |  4- 6 || total
-------------------------+-------+-------++-------
Melee: War axe           |    53 |    29 ||    82
       Tentacles         |    10 |     8 ||    18
       Constrict         |    12 |     9 ||    21
  Use: Scroll            |     3 |     3 ||     6
       Potion            |     1 |     3 ||     4
 Stab: Sleeping          |     4 |     3 ||     7
Armor: Skin              |     6 |     2 ||     8
Dodge: Dodged            |    20 |    19 ||    39
Block: Kite shield       |    22 |    22 ||    44

Table legend: (Time is in decaauts)
 A = Elapsed time spent in this place.
 B = Non-inter-level travel time spent in this place.
 C = Inter-level travel time spent in this place.
 D = Time resting spent in this place.
 E = Time spent auto-exploring this place.
 F = Levels seen in this place.
 G = Mean time per level.
                   A        B        C        D        E       F      G
               +--------+--------+--------+--------+--------+-----+--------+
         Total |   3388 |   3310 |     78 |    983 |   2022 |   4 |  847.0 |
       Dungeon |   3388 |   3310 |     78 |    983 |   2022 |   4 |  847.0 |
               +--------+--------+--------+--------+--------+-----+--------+

Top non-repeatable levels by time:
     D:2: 1167 daAuts
     D:3: 1016 daAuts
     D:1: 821 daAuts
     D:4: 382 daAuts
